 Dungeon Crawl Stone Soup version 0.28-a0-1374-ga75cb3825e (webtiles) character file.

Game seed: 13053360643034464054

6623 pokeman the Thaumaturge (level 10, -1/56 HPs)
             Began as a Deep Elf Hedge Wizard on Dec 31, 2021.
             Was a Priest of Vehumet.
             Shot with an arrow by a centaur warrior (19 damage)
             ... on level 9 of the Dungeon.
             The game lasted 00:27:46 (12451 turns).

pokeman the Thaumaturge (Deep Elf Hedge Wizard)    Turns: 12451, Time: 00:27:46

Health: -1/56      AC: 12    Str:  7    XL:     10   Next: 72%
Magic:  9/30       EV: 12    Int: 24    God:    Vehumet [***...]
Gold:   491        SH:  0    Dex: 14    Spells: 22/37 levels left

rFire   + . .      SeeInvis .   c - +9 short sword of Ciopsui {vorpal, Will+}
rCold   . . .      Faith    .   (no shield)
rNeg    . . .      Spirit   .   B - +2 leather armour "Qiadowae" {rF+}
rPois   .          Reflect  .   n - +1 helmet
rElec   .          Harm     .   u - +0 cloak
rCorr   .          Rampage  .   (no gloves)
Will    ++...                   (no boots)
Stlth   ++........              (no amulet)
HPRegen 0.18/turn               f - +4 ring of protection
MPRegen 0.22/turn               (no ring)

@: no status effects
A: no striking features
a: Renounce Religion


You were on level 9 of the Dungeon.
You worshipped Vehumet.
Vehumet was most pleased with you.
You visited 2 branches of the dungeon, and saw 10 of its levels.
You also visited: Sewer.

You collected 491 gold pieces.

Inventory:

Hand Weapons
 c - the +9 short sword of Ciopsui (weapon) {vorpal, Will+}
   (You found it on level 3 of the Dungeon)

   It inflicts extra damage upon your enemies.
   Will:      It increases your willpower.
 i - a +0 dagger of venom
 y - a +2 quarterstaff of chaos
 D - a +0 shortbow
Missiles
 h - 169 arrows
 k - 17 bolts
 L - a throwing net
Armour
 b - the +2 ring mail "Buex Uso" {Will+ Dex+2}
   (You found it on level 2 of the Dungeon)

   Dex:       It affects your dexterity (+2).
   Will:      It increases your willpower.
 n - a +1 helmet (worn)
 u - a +0 cloak (worn)
 B - the +2 leather armour "Qiadowae" (worn) {rF+}
   (You found it on level 5 of the Dungeon)

   rF:        It protects you from fire.
Magical Staves
 a - a staff of poison
 s - a staff of earth
 H - a staff of cold
 K - a staff of air
Jewellery
 f - a +4 ring of protection (left hand)
Wands
 m - a wand of digging (5)
 r - a wand of flame (28)
 F - a wand of iceblast (12)
 G - a wand of acid (7)
Scrolls
 e - 8 scrolls of identify {unknown}
 j - a scroll of vulnerability {unknown}
 l - a scroll of torment {unknown}
 o - 2 scrolls of fear {unknown}
 p - a scroll of silence {unknown}
 v - 5 scrolls of teleportation
 w - a scroll of amnesia {unknown}
 x - 3 scrolls of blinking {unknown}
 E - a scroll of magic mapping {unknown}
 N - a scroll of noise {unknown}
 O - a scroll of immolation {unknown}
 P - a scroll of acquirement {unknown}
Potions
 d - 4 potions of mutation {unknown}
 g - 8 potions of curing {unknown}
 q - a potion of haste {unknown}
 t - a potion of resistance {unknown}
 z - a potion of attraction {unknown}
 A - a potion of might {unknown}
 C - 5 potions of flight
 I - a potion of invisibility {unknown}
 J - 2 potions of heal wounds {unknown}
 M - a potion of lignification {unknown}


   Skills:
 - Level 4.0 Fighting
 + Level 3.8 Armour
 - Level 3.0 Dodging
 - Level 3.2 Stealth
 * Level 14.0 Spellcasting
 + Level 8.0 Conjurations
 - Level 1.1 Summonings
 - Level 1.1 Translocations
 + Level 7.2 Fire Magic
 - Level 1.0 Ice Magic
 - Level 1.2 Air Magic
 - Level 1.0 Earth Magic
 - Level 1.0 Poison Magic
 - Level 1.1 Evocations


You had 22 spell levels left.
You knew the following spells:

 Your Spells              Type           Power      Damage    Failure   Level
a - Magic Dart            Conj           100%       1d8       1%          1
b - Mephitic Cloud        Conj/Pois/Air  33%        N/A       1%          3
c - Call Imp              Summ           22%        N/A       4%          2
d - Blink                 Tloc           44%        N/A       4%          2
e - Conjure Flame         Conj/Fire      52%        6-21      1%          3
f - Foxfire               Conj/Fire      100%       2x1d9     1%          1
g - Stone Arrow           Conj/Erth      76%        3d11      1%          3

Your spell library contained the following spells:

 Spells                   Type           Power      Damage    Failure   Level
 Ignite Poison            Fire/Tmut/Pois 30%        N/A       1%          3
 Searing Ray              Conj           100%       2d8       1%          2
 Fulminant Prism          Conj/Hex       18%        3d11      2%          4
 Slow                     Hex            64%        N/A       4%          1
 Ensorcelled Hibernation  Hex/Ice        38%        N/A       6%          2
 Gell's Gravitas          Tloc           22%        N/A       10%         3
 Lesser Beckoning         Tloc           22%        N/A       10%         3
 Teleport Other           Tloc           22%        N/A       10%         3
 Spider Form              Tmut/Pois      19%        N/A       12%         3
 Animate Armour           Summ/Erth      44%        N/A       32%         4
 Lehudib's Crystal Spear  Conj/Erth      19%        10d6      100%        8


Dungeon Overview and Level Annotations

Branches:
Dungeon (9/15)             Temple (1/1) D:5            Lair (0/6) D:8
  Sewer (visited)
    Orc: D:9-12

Altars:
Ashenzari
Cheibriados
Dithmenos
Elyvilon
Gozag
Kikubaaqudgha
Makhleb
Ru
Trog
Uskayaw
Vehumet
Xom
Yredelemnul
Zin
The Shining One


Message History

Casting: Stone Arrow (safe; 1% risk of failure)
Confirm with . or Enter, or press ? or * to list all spells.
Aiming: Mephitic Cloud (safe; 1% risk of failure)
Press: ? - help, Shift-Dir - straight line, f - centaur warrior
Aim: a centaur warrior, wielding a +0 longbow and quivering arrows (chance to affect: 53%)
The ball explodes into a vile cloud!
The stinking cloud engulfs the centaur warrior but does no damage. x2
You hear a shout! x2; You hear a roar!
You hear two shouts!
The centaur warrior is engulfed in noxious fumes.
The centaur warrior shoots an arrow.
The arrow barely misses you.
Unknown command.
Unknown command.
Casting: Mephitic Cloud (safe; 1% risk of failure)
Confirm with . or Enter, or press ? or * to list all spells.
Aiming: Mephitic Cloud (safe; 1% risk of failure)
Press: ? - help, Shift-Dir - straight line, f/p - centaur warrior
Aim: a centaur warrior, wielding a +0 longbow and quivering arrows (chance to affect: 53%)
The ball explodes into a vile cloud!
The stinking cloud engulfs the centaur warrior but does no damage. x2
You hear a shout!
The centaur warrior is engulfed in noxious fumes.
The centaur warrior appears confused.
The centaur warrior hits the centaur warrior!
The centaur warrior kicks the centaur warrior but does no damage.
The centaur warrior is engulfed in noxious fumes.
The centaur warrior shoots an arrow.
The arrow hits you!
Unknown command.
Casting: Mephitic Cloud (safe; 1% risk of failure)
Confirm with . or Enter, or press ? or * to list all spells.
Aiming: Stone Arrow (safe; 1% risk of failure)
Press: ? - help, Shift-Dir - straight line, f/p - centaur warrior
Aim: a centaur warrior, wielding a +0 longbow and quivering arrows (noxious fumes, lightly wounded, 81% to hit)
The stone arrow hits the centaur warrior!
The centaur warrior is heavily wounded.
The centaur warrior is engulfed in noxious fumes.
The centaur warrior hits the centaur warrior!
The centaur warrior kicks the centaur warrior.
The centaur warrior is engulfed in noxious fumes.
The centaur warrior shoots an arrow.
The arrow hits you!!
You die...

.... .... ##### #..
#.##. #.. #.#..
#####.# #.#..##..##.#
#+.'####.##.#....#.#
..8.occ§@.##.##..'.##
#'.'####....#.##.#..#
##.(##..#)#..##
####...#.#...#
#......##.#...#
#####.#####.### #.#
#..# #.# #.## ..# #.#


You could see 2 centaur warriors and an orc wizard.

Vanquished Creatures
  Harold (D:7)
  Pikel (D:7)
  A manticore (D:9)
  An efreet (D:9)
  Prince Ribbit (D:8)
  A wraith (D:9)
  6 yaks (D:8)
  A wyvern (D:9)
  Menkaure (D:7)
  3 water moccasins
  An orc warrior (D:7)
  A sky beast (D:6)
  An ice beast (D:7)
  A necrophage (D:5)
  2 black bears
  5 ogres
  3 centaurs
  A lemure (D:7)
  A bullfrog (D:7)
  2 scorpions (D:5)
  8 killer bees
  14 wights
  A bullfrog zombie (D:6)
  4 hounds
  Crazy Yiuf (D:4)
  A gnoll shaman (D:4)
  A centaur skeleton (D:6)
  An orc priest (D:8)
  Ijyb (D:4)
  4 iguanas
  5 orc wizards
  A merfolk avatar (Sewer)
  A merfolk siren (Sewer)
  A killer bee zombie (D:7)
  A hound skeleton (D:5)
  4 gnolls
  7 adders
  2 river rats (Sewer)
  2 shadow imps (D:7)
  A white imp (D:3)
  An ufetubus (D:4)
  An adder skeleton (D:5)
  2 worms (D:2)
  3 dart slugs
  21 orcs
  5 bats
  3 endoplasms
  A giant cockroach (D:6)
  6 goblins
  2 hobgoblins
  4 jackals
  7 kobolds
  7 quokkas
  13 ball pythons
  6 frilled lizards
  26 rats
204 creatures vanquished.

Vanquished Creatures (collateral kills)
  A scorpion (D:6)
  An orc (D:8)
  A quokka (D:6)
3 creatures vanquished.

Vanquished Creatures (others)
  54 foxfires
54 creatures vanquished.

Grand Total: 261 creatures vanquished

Notes
Turn   | Place    | Note
-------+----------+-------------------------------------------
     0 | D:1      | pokeman the Deep Elf Hedge Wizard began the quest for the
                  | Orb.
     0 | D:1      | Reached XP level 1. HP: 10/10 MP: 7/7
   177 | D:1      | Found a faded altar of an unknown god.
   641 | D:1      | Reached XP level 2. HP: 15/15 MP: 7/9
   872 | D:1      | Reached skill level 5 in Spellcasting
  1119 | D:1      | You fall into a shaft and drop 1 floor!
  1204 | D:2      | Reached XP level 3. HP: 20/20 MP: 9/11
  1208 | D:2      | Learned a level 3 spell: Mephitic Cloud
  1211 | D:2      | Learned a level 2 spell: Call Imp
  1214 | D:2      | Learned a level 2 spell: Blink
  1218 | D:2      | Learned a level 3 spell: Conjure Flame
  2131 | D:2      | Reached skill level 1 in Fighting
  2203 | D:2      | Identified the +2 ring mail "Buex Uso" {Will+ Dex+2}
  2354 | D:2      | Reached skill level 1 in Armour
  2490 | D:2      | Noticed an ogre
  3228 | D:2      | Killed an ogre
  3229 | D:2      | Reached skill level 1 in Fire Magic
  3229 | D:2      | Reached XP level 4. HP: 6/25 MP: 0/13
  3229 | D:2      | Reached XP level 5. HP: 7/29 MP: 0/15
  3557 | D:3      | Reached skill level 6 in Spellcasting
  3958 | D:3      | Identified the +9 short sword of Ciopsui {vorpal, Will+}
  4067 | D:3      | Found a bloodstained altar of Trog.
  4822 | D:4      | Noticed a water moccasin
  4830 | D:4      | Killed a water moccasin
  4831 | D:4      | Reached skill level 1 in Air Magic
  4831 | D:4      | Reached XP level 6. HP: 34/34 MP: 10/17
  4877 | D:4      | Noticed Ijyb
  4901 | D:4      | Killed Ijyb
  5098 | D:4      | Learned a level 3 spell: Stone Arrow
  5319 | D:4      | Found a shadowy altar of Dithmenos.
  5375 | D:4      | Reached skill level 7 in Spellcasting
  5707 | D:4      | Reached skill level 1 in Poison Magic
  5707 | D:4      | Reached skill level 1 in Evocations
  5824 | D:4      | Found a runed translucent door.
  5825 | D:4      | Noticed Crazy Yiuf
  6110 | D:4      | Killed Crazy Yiuf
  6187 | D:5      | Entered Level 5 of the Dungeon
  6349 | D:5      | Reached skill level 1 in Earth Magic
  6349 | D:5      | Reached XP level 7. HP: 38/38 MP: 8/20
  6609 | D:5      | Reached skill level 8 in Spellcasting
  6809 | D:5      | Found a staircase to the Ecumenical Temple.
  6829 | Temple   | Entered the Ecumenical Temple
  6855 | Temple   | Became a worshipper of Vehumet
  7118 | D:5      | Identified the +2 leather armour "Qiadowae" {rF+}
  7376 | D:5      | Reached XP level 8. HP: 44/44 MP: 2/22
  7675 | D:6      | Reached skill level 9 in Spellcasting
  7744 | D:6      | Found a burning altar of Makhleb.
  7891 | D:6      | Reached skill level 5 in Conjurations
  7930 | D:6      | Found a glowing drain.
  7934 | Sewer    | Entered a sewer
  8121 | Sewer    | Reached * piety under Vehumet
  8121 | Sewer    | Offered knowledge of Foxfire by Vehumet.
  8124 | Sewer    | Learned a level 1 spell: Foxfire
  8400 | Sewer    | Reached skill level 10 in Spellcasting
  8947 | D:6      | Found a basalt altar of Yredelemnul.
  8968 | D:6      | Reached XP level 9. HP: 12/48 MP: 14/25
  9284 | D:6      | Found a broken altar of Ashenzari.
  9405 | D:7      | Noticed Menkaure
  9412 | D:7      | Noticed Pikel
  9415 | D:7      | Killed Menkaure
  9673 | D:7      | Reached ** piety under Vehumet
  9675 | D:7      | Offered knowledge of Poisonous Vapours by Vehumet.
  9676 | D:7      | Reached skill level 1 in Ice Magic
  9857 | D:7      | Noticed Harold
  9867 | D:7      | Killed Harold
  9868 | D:7      | Reached skill level 11 in Spellcasting
  9868 | D:7      | Reached skill level 5 in Fire Magic
 10249 | D:7      | Reached skill level 12 in Spellcasting
 10574 | D:7      | Found a snail-covered altar of Cheibriados.
 10636 | D:7      | Killed Pikel
 10637 | D:7      | Reached XP level 10. HP: 56/56 MP: 23/28
 10773 | D:7      | Offered knowledge of Inner Flame by Vehumet.
 11243 | D:8      | Noticed Prince Ribbit
 11246 | D:8      | Reached *** piety under Vehumet
 11268 | D:8      | Killed Prince Ribbit
 11460 | D:8      | Found a staircase to the Lair.
 11502 | D:8      | Reached skill level 13 in Spellcasting
 11758 | D:8      | Offered knowledge of Ignite Poison by Vehumet.
 12287 | D:9      | Noticed a manticore
 12293 | D:9      | Killed a manticore
 12441 | D:9      | Noticed a centaur warrior
 12441 | D:9      | Noticed a centaur warrior
 12449 | D:9      | Reached skill level 14 in Spellcasting
 12451 | D:9      | Shot with an arrow by a centaur warrior

Illustrated notes

Levels and vault maps discovered:
D:1:      matt_arrival_spirals, layout_loops_corners,
          ebering_ecumenical_altar_mist, serial_rivers,
          chequers_serial_rivers_micro_d, chequers_serial_rivers_micro_b,
          chequers_serial_rivers_small_3, chequers_serial_rivers_marsh,
          chequers_serial_rivers_small_3, chequers_serial_rivers_small_a,
          minmay_tripent
D:2:      layout_loops_corners
D:3:      layout_basic, lemuel_coloured_pillars_altar, saegor_snake_ambush
D:4:      layout_loops_cross, grunt_dithmenos_smoke_and_mirrors, uniq_ijyb,
          uniq_crazy_yiuf_cottage
D:5:      layout_loops_ring, minmay_temple_entry_sparse_star
D:6:      layout_rooms, lemuel_crystal_altar, mainiacjoe_overflow_paths,
          bloody_makhleb, gup_sewer_entry_bowl, kennysheep_crisscross,
          minmay_bent
D:7:      nicolae_cairo_tiling, layout_loops_cross, kennysheep_slug_shrine,
          grunt_ministairs_13, uniq_menkaure, uniq_pikel, uniq_harold
D:8:      layout_loops_cross, lair_entry_dummy, uniq_prince_ribbit1
D:9:      minmay_the_grid_plus_closed [minmay_the_grid_outer_circle,
          minmay_the_grid_tiny_cups, minmay_the_grid_fan,
          minmay_the_grid_embedded, minmay_the_grid_prize_four_corners],
          layout_small_grid, uniq_erica
Temple:   compressed_dpeg_circular_temple

Skill      XL: |  1  2  3  4  5  6  7  8  9 10 |
---------------+-------------------------------+-----
Spellcasting   | 5 6 7 8 10 12 14 | 14.0
Fighting       | 1 2 3 4 |  4.0
Armour         | 1 3 |  3.8
Conjurations   | 2 3 4 5 7 8 |  8.0
Dodging        | 3 |  3.0
Fire Magic     | 1 2 4 6 7 |  7.2
Stealth        | 3 |  3.2
Air Magic      | 1 |  1.2
Poison Magic   | 1 |  1.0
Evocations     | 1 |  1.1
Earth Magic    | 1 |  1.0
Ice Magic      | 1 |  1.0
Summonings     | |  1.1
Translocations | |  1.1

Action                   |  1- 3 |  4- 6 |  7- 9 | 10-12 || total
-------------------------+-------+-------+-------+-------++-------
Melee: Dagger            |     7 |       |       |       ||     7
       Short sword       |       |    25 |    51 |    30 ||   106
 Cast: Magic Dart        |   102 |    87 |   149 |       ||   338
       Conjure Flame     |     2 |     4 |    16 |     8 ||    30
       Blink             |     2 |       |     3 |     3 ||     8
       Mephitic Cloud    |     1 |     6 |    21 |     8 ||    36
       Stone Arrow       |       |       |    45 |    30 ||    75
       Call Imp          |       |       |     3 |     1 ||     4
       Foxfire           |       |       |    12 |    20 ||    32
 Stab: Confused          |     1 |     5 |     5 |     4 ||    15
       Sleeping          |       |     2 |       |       ||     2
Armor: Robe              |     4 |       |       |       ||     4
       Leather armour    |     3 |     9 |    34 |     8 ||    54
Dodge: Dodged            |    13 |    15 |    41 |    25 ||    94

Table legend: (Time is in decaauts)
 A = Elapsed time spent in this place.
 B = Non-inter-level travel time spent in this place.
 C = Inter-level travel time spent in this place.
 D = Time resting spent in this place.
 E = Time spent auto-exploring this place.
 F = Levels seen in this place.
 G = Mean time per level.
                   A        B        C        D        E       F      G
               +--------+--------+--------+--------+--------+-----+--------+
         Total |  12555 |  12245 |    310 |    611 |   9699 |  11 | 1141.4 |
       Dungeon |  11711 |  11426 |    285 |    611 |   9080 |   9 | 1301.2 |
        Temple |     52 |     27 |     25 |      0 |      0 |   1 |   52.0 |
         Sewer |    791 |    791 |      0 |      0 |    619 |   1 |  791.0 |
               +--------+--------+--------+--------+--------+-----+--------+

Top non-repeatable levels by time:
     D:1: 1751 daAuts
     D:2: 1747 daAuts
     D:5: 1411 daAuts
     D:7: 1395 daAuts
     D:4: 1394 daAuts
     D:6: 1333 daAuts
     D:3: 1330 daAuts
     D:8: 1090 daAuts
   Sewer: 791 daAuts
     D:9: 255 daAuts
  Temple: 52 daAuts
